 Dungeon Crawl Stone Soup version 0.23.2-33-g5129a83184 (webtiles) character file.

Game seed: 12616188647329638512

353 Joat the Shield-Bearer (level 6, 2/39 HPs)
             Began as a Gargoyle Fighter on July 6, 2019.
             Was a Priest of Cheibriados.
             Quit the game on level 4 of the Dungeon.
             The game lasted 00:14:58 (3499 turns).

Joat the Shield-Bearer (Gargoyle Fighter)           Turns: 3499, Time: 00:14:59

Health: 2/39       AC: 16    Str: 32    XL:     6   Next: 62%
Magic:  8/8        EV:  8    Int: 19    God:    Cheibriados [***...]
Gold:   180        SH:  0    Dex: 17    Spells: 5/5 levels left

rFire    . . .     SeeInvis .   a - +1 short sword (elec)
rCold    . . .     Gourm    .   c - +0 shield
rNeg     + . .     Faith    .   k - +0 scale mail
rPois    ∞         Spirit   .   (no helmet)
rElec    +         Reflect  .   (no cloak)
rCorr    .         Harm     .   (no gloves)
MR       .....                  (no boots)
Stlth    ..........             (no amulet)
HPRegen  0.13/turn              i - +5 ring of protection
MPRegen  0.11/turn              (no ring)

@: confused, mighty, hasted, slow
A: negative energy resistance 1, electricity resistance, unbreathing,
petrification resistance, rot immunity, AC +4
a: Bend Time, Temporal Distortion, Renounce Religion


You were on level 4 of the Dungeon.
You worshipped Cheibriados.
Cheibriados was most pleased with you.
You were not hungry.

You visited 1 branch of the dungeon, and saw 4 of its levels.

You collected 180 gold pieces.

Inventory:

Hand Weapons
 a - a +1 short sword of electrocution (weapon)
 b - a +0 short sword of flaming
 o - a +1 dagger of protection
 s - a +0 flail
 v - a +0 dagger of draining
Armour
 c - a +0 shield (worn)
 k - a +0 scale mail (worn)
 r - a +1 robe of magic resistance
Jewellery
 i - a +5 ring of protection (left hand)
 u - an uncursed ring of protection from magic
Scrolls
 e - a scroll of immolation
 g - a scroll of teleportation
 h - 3 scrolls of remove curse
 m - a scroll of amnesia
 p - a scroll of random uselessness
 q - 2 scrolls of identify
Potions
 d - 2 potions of might
 t - a potion of flight
Comestibles
 f - 10 rations


   Skills:
 + Level 4.3 Fighting
 * Level 2.0 Short Blades
 - Level 2.6 Maces & Flails
 + Level 4.2 Armour
 * Level 5.0 Shields
 * Level 2.7 Invocations


You had 5 spell levels left.
You didn't know any spells.
Your spell library was empty.

Dungeon Overview and Level Annotations

Branches:
Dungeon (4/15)
 Temple: D:4-7

Altars:
Cheibriados
Hepliaklqana
Xom

Annotations:
D:4 Sigmund


Innate Abilities, Weirdness & Mutations

You are resistant to torment.
Your stone body is resilient. (AC +4)
You are immune to poison.
You resist negative energy. (rN+)
You are resistant to electric shocks. (rElec)
You can survive without breathing.
You are immune to petrification.
You are immune to rotting.


Message History

Sigmund flickers and vanishes!
Deactivating autopickup; reactivate with Ctrl-A.
You're too confused to move!
The orc hits you but does no damage. The orc hits you with a +0 short sword.
* * * LOW HITPOINT WARNING * * *
Okay, then.
Okay, then.
You're too confused!
You're too confused!
You're too confused!
You're too confused!
You're too confused!
You're too confused!
You're too confused!
Something hits you but does no damage. Space bends around you.
* * * LOW HITPOINT WARNING * * *
The phantom hits you but does no damage.
The orc closely misses you. x2
You see here an orc corpse.
Are you sure you want to abandon this character and quit the game? (Confirm with "yes".)

.......##.........##.#
.#..#..##..........#.#
........##...........
....)..............#
#.........#........# ..
###...............# ...
...##...#........###....
..#.#....#.##..[........
..#......######W@.......
.......#.# #)o.......
.##....#... #{o.......
#####....... =.........
.# #...............>#..
.. ....................
. .....##..............
$.##. ..............
.......#.......


You could see a phantom and 2 orcs.

Vanquished Creatures
  2 orc priests (D:3)
  4 orc wizards
  A gnoll (D:2)
  6 adders
  2 worms (D:2)
  3 dart slugs
  2 leopard geckos
  16 orcs
  4 giant cockroaches
  8 goblins
  15 hobgoblins
  5 jackals
  5 quokkas
  A ball python (D:2)
  8 bats
  9 frilled lizards
  5 kobolds
  4 rats
100 creatures vanquished.

Notes
Turn   | Place    | Note
-------+----------+-------------------------------------------
     0 | D:1      | Joat the Gargoyle Fighter began the quest for the Orb.
     0 | D:1      | Reached XP level 1. HP: 14/14 MP: 1/1
   292 | D:1      | Reached XP level 2. HP: 16/19 MP: 2/2
   648 | D:2      | Found a snail-covered altar of Cheibriados.
   665 | D:2      | Became a worshipper of Cheibriados the Contemplative
   731 | D:2      | Reached XP level 3. HP: 16/23 MP: 3/3
   966 | D:2      | Reached * piety under Cheibriados
  1091 | D:2      | Reached skill level 4 in Shields
  1279 | D:2      | Reached XP level 4. HP: 29/29 MP: 4/4
  1418 | D:2      | Found a hazy altar of Hepliaklqana.
  1419 | D:2      | Found a shimmering altar of Xom.
  1419 | D:2      | Noticed an earth elemental
  1420 | D:2      | Noticed an earth elemental
  1420 | D:2      | Noticed a spectral ugly thing
  1692 | D:2      | Reached skill level 1 in Invocations
  1698 | D:2      | Reached ** piety under Cheibriados
  2061 | D:3      | Reached XP level 5. HP: 17/33 MP: 6/6
  2258 | D:3      | Reached skill level 1 in Short Blades
  2396 | D:3      | Reached XP level 6. HP: 5/38 MP: 7/7
  2806 | D:3      | Reached *** piety under Cheibriados
  3471 | D:4      | Noticed a phantom
  3472 | D:4      | Reached skill level 5 in Shields
  3481 | D:4      | Noticed Sigmund
  3499 | D:4      | Quit the game

Skill      XL: |  1  2  3  4  5  6 |
---------------+-------------------+-----
Shields        | 4 5 |  5.0
Invocations    | 1 2 |  2.7
Fighting       | 4 |  4.3
Short Blades   | 1 2 |  2.0
Armour         | 4 |  4.2
Maces & Flails | |  2.6

Action                   |  1- 3 |  4- 6 || total
-------------------------+-------+-------++-------
Melee: Flail             |   109 |       ||   109
       Dagger            |    68 |    64 ||   132
       Short sword       |       |   162 ||   162
  Use: Potion            |       |     5 ||     5
       Scroll            |       |     5 ||     5
  Eat: Chunk             |     1 |     4 ||     5
Armor: Scale mail        |   148 |   120 ||   268
Dodge: Dodged            |    51 |    70 ||   121
Block: Shield            |   126 |   112 ||   238
